 Dungeon Crawl Stone Soup version 0.23.2-30-g0e89c35649 (webtiles) character file.

Game seed: 2141262595253103263

7354 troglodite the Ducker (level 10, -11/81 HPs)
             Began as a Yellow Draconian Skald on June 13, 2019.
             Was a Priest of Qazlal.
             Killed from afar by an adder (26 damage)
             ... with an exploding inner flame
             ... hexed by the player character
             ... on level 9 of the Dungeon.
             The game lasted 00:40:12 (15407 turns).

troglodite the Ducker (Yellow Draconian Skald)     Turns: 15407, Time: 00:40:12

Health: -11/81     AC: 14    Str: 13    XL:     10   Next: 91%
Magic:  18/18      EV: 15    Int: 18    God:    Qazlal [***...]
Gold:   403        SH:  4    Dex: 10    Spells: 6/20 levels left

rFire    . . .     SeeInvis .   p - +9 club
rCold    . . .     Gourm    .   (no shield)
rNeg     . . .     Faith    .   (armour unavailable)
rPois    .         Spirit   .   (helmet restricted)
rElec    .         Reflect  .   H - +2 cloak
rCorr    +         Harm     .   (no gloves)
MR       +....                  m - +0 pair of boots
Stlth    +.........             (no amulet)
HPRegen  0.23/turn              t - ring of protection from magic
MPRegen  0.16/turn              G - +3 ring of protection

@: lethally poisoned (-11 -> -12), short of breath, very slightly contaminated
A: spit acid, unfitting armour, cold-blooded, acid resistance, AC +7
a: Breathe Acid, Upheaval, Elemental Force, Renounce Religion


You were on level 9 of the Dungeon.
You worshipped Qazlal.
Qazlal was most pleased with you.
You were hungry.

You visited 2 branches of the dungeon, and saw 11 of its levels.
You also visited: Sewer.

You collected 433 gold pieces.
You spent 30 gold pieces at shops.

Inventory:

Hand Weapons
 a - a +0 falchion
 p - a +9 club (weapon)
Armour
 m - a +0 pair of boots (worn)
 H - a +2 cloak (worn)
Jewellery
 q - a +2 ring of dexterity
 t - a ring of protection from magic (left hand)
 v - an uncursed ring of see invisible
 y - an uncursed ring of ice
 E - a +1 ring of protection
 G - a +3 ring of protection (right hand)
Wands
 l - a wand of acid (11)
 n - a wand of iceblast (16)
 o - a wand of clouds (6)
 w - a wand of polymorph (20)
Scrolls
 b - 8 scrolls of identify
 d - a scroll of noise
 g - 7 scrolls of remove curse {unknown}
 h - a scroll of blinking
 k - 5 scrolls of teleportation {unknown}
 s - a scroll of amnesia
 u - a scroll of enchant weapon
 x - a scroll of fog {unknown}
 B - a scroll of vulnerability {unknown}
 C - a scroll of magic mapping {unknown}
 F - a scroll of random uselessness {unknown}
Potions
 f - 2 potions of brilliance
 i - 2 potions of haste
 j - 5 potions of flight
 r - a potion of ambrosia
 z - a potion of berserk rage
 A - a potion of lignification
 I - a potion of might {unknown}
 J - a potion of curing
Comestibles
 c - 18 rations


   Skills:
 + Level 5.2 Fighting
 + Level 3.9 Long Blades
 + Level 6.0 Maces & Flails
 * Level 7.2 Dodging
 - Level 1.0 Stealth
 * Level 5.5 Spellcasting
 * Level 5.0 Hexes
 * Level 5.6 Charms
 * Level 1.1 Summonings
 * Level 5.7 Necromancy
 * Level 5.1 Invocations


You had 6 spell levels left.
You knew the following spells:

 Your Spells              Type           Power        Failure   Level  Hunger
a - Infusion              Chrm           ####         1%          1    None
b - Spectral Weapon       Hex/Chrm       ###.....     4%          3    ##.....
c - Regeneration          Chrm/Necr      ####......   3%          3    ##.....
d - Summon Hydra          Summ           #.........   100%        7    #######

Your spell library contained the following spells:

 Spells                   Type           Power        Failure   Level  Hunger
 Confusing Touch          Hex            ###...       1%          1    None
 Song of Slaying          Chrm           ####....     1%          2    None
 Confuse                  Hex            ###.....     4%          3    ##.....
 Shroud of Golubria       Chrm/Tloc      ###.......   6%          2    None
 Summon Small Mammal      Summ           #...         8%          1    None
 Gell's Gravitas          Tloc           #.........   36%         3    ##.....
 Summon Ice Beast         Ice/Summ       #.......     69%         4    ####...
 Petrify                  Tmut/Erth      #.......     77%         4    ####...
 Metabolic Englaciation   Hex/Ice        ##........   77%         5    #####..
 Yara's Violent Unravell  Hex/Tmut       ##........   77%         5    #####..
 Malign Gateway           Summ/Tloc      #.........   100%        7    #######


Dungeon Overview and Level Annotations

Branches:
Dungeon (10/15)            Temple (1/1) D:4
   Lair: D:8-11         Orc: D:9-12

Altars:
Ashenzari
Cheibriados
Dithmenos
Elyvilon
Fedhas
Gozag
Hepliaklqana
Kikubaaqudgha
Makhleb
Nemelex Xobeh
Okawaru
Qazlal
Ru
Sif Muna
Trog
Uskayaw
Vehumet
Wu Jian
Xom
Yredelemnul
Zin
The Shining One

Shops:
D:5 (   D:6 ?   D:8 }


Innate Abilities, Weirdness & Mutations

You can spit globs of acid.
Your golden yellow scales are hard. (AC +7)
You cannot fit into any form of body armour.
You are cold-blooded and may be slowed by cold attacks.
You are resistant to acid. (rCorr)


Message History

You closely miss the warg. The warg barely misses you.
You block the adder's attack. The phantom hits you.
The big kobold hits you but does no damage.
The warg closely misses you.
You closely miss the warg. The adder misses you.
The phantom blinks!
You block the big kobold's attack.
The warg is engulfed in freezing vapours.
The warg barely misses you. The adder closely misses you.
You sock the warg!
The warg is severely wounded.
You feel sick.
The phantom blinks!
The warg is engulfed in freezing vapours.
The warg explodes!
You hear a sizzling sound!
The fiery explosion engulfs you!!
* * * LOW HITPOINT WARNING * * *
The fiery explosion engulfs the adder!!
The adder explodes!
The fiery explosion engulfs you!!
You die...

######....#....#..#).......#
#.........#....#..#........#
#...#######...<'..#........#
#...#.........<#..#..§.....#
'...#......#####..#........#
#...#......'...#..#......).#
#####......#...#§§§........#
#......#####§§#........#
#......#..##@§#........#
#......#..§.§K#....#####
#......#.%§§§.#....#
#......#......#....#
#......#..##..#....####
#......#..##..#....#..#
#......'..##..#....#..#
#......#...#..#....#..#
#......#...#..#....#..#


You could see a big kobold (inner flame).

Vanquished Creatures
  Harold (D:9)
  Psyche (D:8)
  2 hippogriffs (D:7)
  Sigmund (D:6)
  4 yaks (D:8)
  A hungry ghost (D:9)
  A steam dragon (D:9)
  Menkaure (D:6)
  A water moccasin (D:9)
  3 orc warriors
  2 sky beasts
  2 ice beasts
  2 black bears (D:8)
  A phantom (D:6)
  5 ogres
  2 necrophages
  3 centaurs
  7 big kobolds
  3 bullfrogs
  2 scorpions
  8 killer bees (D:7)
  7 wights
  4 howler monkeys (D:8)
  3 crimson imps
  A jelly (D:7)
  3 bullfrog zombies
  A gnoll shaman (D:9)
  An orc priest (D:6)
  4 hounds
  10 orc wizards
  4 centaur skeletons
  2 bullfrog skeletons
  An iguana (D:8)
  Ijyb (D:3)
  7 worker ants
  A killer bee zombie (D:7)
  A howler monkey zombie (D:9)
  2 worker ant zombies
  3 gnolls (D:9)
  10 adders
  4 river rats (Sewer)
  3 shadow imps
  5 oozes (Sewer)
  An adder zombie (D:7)
  2 adder skeletons
  2 worms (D:2)
  3 dart slugs
  6 leopard geckos
  30 orcs
  7 giant cockroaches
  9 goblins
  6 hobgoblins
  17 jackals
  A quokka (D:5)
  6 ball pythons
  8 bats
  4 frilled lizards
  41 kobolds
  A leopard gecko skeleton (D:8)
  A quokka skeleton (D:7)
  10 rats
  7 spectral weapons
293 creatures vanquished.

Vanquished Creatures (others)
  A kobold (D:2)
  11 spectral weapons
12 creatures vanquished.

Grand Total: 305 creatures vanquished

Notes
Turn   | Place    | Note
-------+----------+-------------------------------------------
     0 | D:1      | troglodite the Draconian Skald began the quest for the Orb.
     0 | D:1      | Reached XP level 1. HP: 17/17 MP: 3/3
   170 | D:1      | Reached XP level 2. HP: 24/24 MP: 5/5
   673 | D:2      | Reached XP level 3. HP: 4/29 MP: 1/6
   811 | D:2      | Learned a level 3 spell: Spectral Weapon
   880 | D:2      | Found a radiant altar of Vehumet.
   976 | D:2      | Reached skill level 3 in Dodging
  1230 | D:2      | Reached XP level 4. HP: 30/37 MP: 7/7
  1235 | D:2      | Learned a level 3 spell: Regeneration
  1648 | D:3      | Reached skill level 1 in Hexes
  1687 | D:3      | Noticed an ogre
  1689 | D:3      | Found a glowing drain.
  1757 | Sewer    | Entered a sewer
  2333 | Sewer    | Noticed a big kobold
  2350 | Sewer    | Killed a big kobold
  2350 | Sewer    | Reached skill level 1 in Necromancy
  2350 | Sewer    | Reached XP level 5. HP: 26/42 MP: 4/8
  2608 | Sewer    | Reached XP level 6. HP: 8/50 MP: 7/10
  4336 | Sewer    | Reached skill level 4 in Dodging
  4336 | Sewer    | Your scales start taking on a golden yellow colour.
  4336 | Sewer    | Reached XP level 7. HP: 42/57 MP: 11/11
  4336 | Sewer    | Gained mutation: You are resistant to acid. (rCorr) [Yellow
                  | Draconian growth]
  4553 | D:3      | Noticed Ijyb
  4571 | D:3      | Killed Ijyb
  4776 | D:3      | HP: 2/57 [poisoned by an orc wizard]
  5510 | D:4      | Reached skill level 1 in Stealth
  5606 | D:4      | Found a staircase to the Ecumenical Temple.
  6071 | Temple   | Entered the Ecumenical Temple
  6175 | Temple   | Became a worshipper of Qazlal Stormbringer
  6327 | D:5      | Entered Level 5 of the Dungeon
  6336 | D:5      | Reached skill level 1 in Maces & Flails
  6459 | D:5      | Found an ornate altar of the Wu Jian Council.
  6494 | D:5      | Reached XP level 8. HP: 42/63 MP: 9/13
  6551 | D:5      | Reached skill level 1 in Invocations
  6804 | D:5      | Found Boyshre Imi's Weapon Emporium.
  7461 | D:5      | Found a bloodstained altar of Trog.
  7757 | D:6      | Found Ikij's Magic Scroll Boutique.
  8053 | D:6      | Bought a scroll of identify for 30 gold pieces
  8125 | D:6      | Reached skill level 5 in Dodging
  8284 | D:6      | Reached * piety under Qazlal
  8377 | D:6      | Found a burning altar of Makhleb.
  8745 | D:6      | Noticed Menkaure
  9041 | D:6      | Killed Menkaure
  9063 | D:6      | Identified Arafog's Catalogue of Companions
  9267 | D:6      | Noticed Sigmund
  9304 | D:6      | Killed Sigmund
  9304 | D:6      | Reached XP level 9. HP: 57/71 MP: 12/15
 10229 | D:7      | Reached ** piety under Qazlal
 10247 | D:7      | Found a glowing golden altar of the Shining One.
 10253 | D:7      | HP: 3/72 [killer bee (2)]
 10256 | D:7      | Found a hazy altar of Hepliaklqana.
 10258 | D:7      | Found a blossoming altar of Fedhas.
 11063 | D:7      | Reached skill level 6 in Dodging
 11063 | D:7      | Reached skill level 5 in Charms
 11323 | D:7      | Found a deep blue altar of Sif Muna.
 12252 | D:8      | Reached XP level 10. HP: 37/80 MP: 11/17
 12624 | D:8      | Reached skill level 5 in Necromancy
 12627 | D:8      | Reached skill level 5 in Maces & Flails
 12847 | D:8      | Reached skill level 5 in Spellcasting
 13065 | D:8      | Found Aviprar's Gadget Shop.
 13270 | D:8      | Noticed Psyche
 13285 | D:8      | Killed Psyche
 13644 | D:8      | Found a shimmering altar of Xom.
 13668 | D:8      | Reached *** piety under Qazlal
 14149 | D:9      | Reached skill level 5 in Fighting
 14267 | D:9      | Reached skill level 7 in Dodging
 14340 | D:9      | Learned a level 7 spell: Summon Hydra
 14376 | D:9      | Noticed Harold
 14398 | D:9      | Killed Harold
 14398 | D:9      | Reached skill level 5 in Invocations
 14407 | D:9      | HP: 3/81 [orc warrior/+0 battleaxe (14)]
 14912 | D:9      | Reached skill level 1 in Summonings
 14917 | D:9      | Reached skill level 5 in Hexes
 15246 | D:9      | Found a basalt altar of Yredelemnul.
 15391 | D:10     | Entered Level 10 of the Dungeon
 15407 | D:9      | Killed from afar by an adder

Skill      XL: |  1  2  3  4  5  6  7  8  9 10 |
---------------+-------------------------------+-----
Charms         | 3 4 5 |  5.6
Dodging        | 3 4 5 6 7 |  7.2
Hexes          | 1 2 3 4 5 |  5.0
Necromancy     | 1 3 4 5 |  5.7
Long Blades    | 3 |  3.9
Fighting       | 3 4 5 |  5.2
Spellcasting   | 3 4 5 |  5.5
Stealth        | 1 |  1.0
Maces & Flails | 1 3 4 6 |  6.0
Invocations    | 2 4 5 |  5.1
Summonings     | 1 |  1.1

Action                   |  1- 3 |  4- 6 |  7- 9 | 10-12 || total
-------------------------+-------+-------+-------+-------++-------
Melee: Falchion          |   125 |   250 |    26 |       ||   401
       Tailslap          |     9 |    26 |    39 |    21 ||    95
       Club              |       |       |   406 |   243 ||   649
 Cast: Infusion          |     2 |       |       |       ||     2
       Spectral Weapon   |       |     5 |    34 |    17 ||    56
       Regeneration      |       |       |     7 |       ||     7
 Abil: Breathe Acid      |       |       |     2 |     1 ||     3
  Use: Potion            |     1 |     2 |     4 |     1 ||     8
       Scroll            |       |       |     7 |     5 ||    12
 Stab: Sleeping          |       |     1 |     3 |       ||     4
       Distracted        |       |     1 |     3 |     3 ||     7
  Eat: Chunk             |     1 |     4 |    19 |    11 ||    35
       Ration            |       |     2 |     4 |       ||     6
Armor: Skin              |    53 |    58 |   168 |   115 ||   394
Dodge: Dodged            |   117 |   181 |   337 |   203 ||   838
Block: Other             |       |       |    18 |    52 ||    70
       Rpst.: Falchion   |    35 |    50 |     4 |       ||    89
